 Dungeon Crawl Stone Soup version 0.18-a0-1435-gee79d65 (webtiles) character file.

1117514 mememaster69 the Conqueror (level 27, -7/244 (245) HPs)
             Began as a Minotaur Fighter on Feb 27, 2016.
             Was the Champion of the Shining One.
             Thrown by an iron giant (73 damage)
             ... created by the effects of Hell
             ... on level 7 of the Iron City of Dis on Feb 28, 2016.
             The game lasted 05:30:40 (89653 turns).

mememaster69 the Conqueror (Minotaur Fighter)      Turns: 89653, Time: 05:30:40

HP:   -7/244 (245)  AC: 43    Str: 28 (29) XL:     27
MP:   31/35         EV: 17    Int:  6 (7)  God:    the Shining One [******]
Gold: 9000          SH: 22    Dex: 10 (16) Spells: 2 memorised, 29 levels left

rFire  + + +     SeeInvis +     v - +9 triple sword (holy)
rCold  + + +     Gourm    .     D - +8 gold dragon armour
rNeg   + + +     Faith    .     (shield currently unavailable)
rPois  +         Spirit   .     a - +0 hat "Qiewe" {rF+ Regen+ Dex+2}
rElec  +         Dismiss  .     o - +0 cloak of Eternity {rC+ Str+4 Slay+2}
rCorr  +         Reflect  +     T - +2 pair of gloves of Fun {*Contam rPois rF+ rC+}
SustAt .         Harm     .     c - +2 pair of boots {run}
MR     +++..     Clarity  +     K - amulet "Qicwoqe" {Reflect MR+ Int+4 Dex+4 SH+4 SInv}
Stlth  ..........               x - ring of resist corrosion
                                S - ring "Qeraim" {rElec MP+9 Str+2 Dex-4 SInv}

@: divine shield, very slightly contaminated, glowing, quick, extremely
resistant to hostile enchantments, extremely unstealthy
A: retaliatory headbutt, horns 2, rough black scales 1, clarity, clumsy 1,
deformed body, deterioration 2, dopey 1, frail 1, low mp 3, regeneration 1, weak
2, subdued magic 1
a: Divine Shield, Cleansing Flame, Summon Divine Warrior, Renounce Religion
}: 11/15 runes: decaying, serpentine, silver, golden, bone, abyssal, demonic,
glowing, magical, fiery, dark


You were on level 7 of the Iron City of Dis.
You worshipped the Shining One.
The Shining One was exalted by your worship.
You were very full.

You visited 14 branches of the dungeon, and saw 68 of its levels.
You visited Pandemonium 3 times, and saw 36 of its levels.
You visited the Abyss 3 times.
You also visited: Sewer and Ice Cave.

You collected 12473 gold pieces.
You spent 3473 gold pieces at shops.

Inventory:

Hand Weapons
 v - a +9 triple sword of holy wrath (weapon)
Armour
 a - the +0 hat "Qiewe" (worn) {rF+ Regen+ Dex+2}
   (Okawaru gifted it to you on level 4 of the Snake Pit)

   It affects your dexterity (+2).
   It protects you from fire.
   It increases your rate of regeneration.
 c - a +2 pair of boots of running (worn)
 o - the +0 cloak of Eternity (worn) {rC+ Str+4 Slay+2}
   (Okawaru gifted it to you on level 2 of the Elven Halls)

   It affects your strength (+4).
   It affects your accuracy and damage with ranged weapons and melee attacks
   (+2).
   It protects you from cold.
 D - a +8 gold dragon armour (worn)
 T - the +2 pair of gloves of Fun (worn) {*Contam rPois rF+ rC+}
   (You found it in Pandemonium)

   It protects you from fire.
   It protects you from cold.
   It protects you from poison.
   It causes magical contamination when unequipped.
Jewellery
 n - the ring "Cipato Ufac" {rC+ rN+ MR+}
   (You found it on level 3 of the Tomb of the Ancients)

   [ring of protection from cold]

   It protects you from cold.
   It protects you from negative energy.
   It affects your resistance to hostile enchantments.
 x - a ring of resist corrosion (right hand)
 K - the amulet "Qicwoqe" (around neck) {Reflect MR+ Int+4 Dex+4 SH+4 SInv}
   (You took it off a deep elf high priest on level 5 of the Vaults)

   [amulet of reflection]

   It shields you and reflects attacks.
   It affects your intelligence (+4).
   It affects your dexterity (+4).
   It affects your resistance to hostile enchantments.
   It lets you see invisible.
   It affects your SH (+4).
 L - a +6 ring of evasion
 S - the ring "Qeraim" (left hand) {rElec MP+9 Str+2 Dex-4 SInv}
   (You found it on level 3 of the Crypt)

   [ring of magical power]

   It affects your strength (+2).
   It affects your dexterity (-4).
   It insulates you from electricity.
   It affects your magic capacity (+9).
   It lets you see invisible.
Wands
 e - a wand of heal wounds (5/9)
 h - a wand of digging (12/24)
 l - a wand of hasting (1/9)
 m - a wand of hasting (5/9)
 q - a wand of heal wounds (4/9)
 R - a wand of teleportation (2/9)
Scrolls
 b - 2 scrolls of silence
 y - 25 scrolls of remove curse
 z - 8 scrolls of blinking
 A - 6 scrolls of teleportation
 C - a scroll of magic mapping
 E - 9 scrolls of fog
 F - 3 scrolls of enchant weapon
 H - 13 scrolls of recharging
 J - 4 scrolls of holy word
 N - a scroll of brand weapon
 V - 14 scrolls of fear
 W - 11 scrolls of identify
Potions
 d - 6 potions of might
 i - 12 potions of flight
 j - 6 potions of brilliance
 k - 6 potions of haste
 p - 30 potions of curing
 r - 7 potions of berserk rage
 s - 22 potions of heal wounds
 w - 8 potions of cancellation
 G - 9 potions of agility
 O - 5 potions of magic
 Q - 6 potions of resistance
Miscellaneous
 I - a figurine of a ziggurat
Comestibles
 f - 32 bread rations
 g - 27 royal jellies
 t - 38 beef jerkies
 B - 10 slices of pizza
 M - 5 meat rations
 Z - 54 fruits


   Skills:
 O Level 27 Fighting
 O Level 27 Long Blades
 O Level 27 Armour
 O Level 27 Dodging
   Level 4.0 Shields
 - Level 7.6 Spellcasting
 - Level 18.4 Charms
 + Level 25.2 Invocations
 - Level 4.0 Evocations


You had 29 spell levels left.
You knew the following spells:

 Your Spells              Type           Power        Failure   Level  Hunger
a - Haste                 Chrm           ###.....     5%          6    #######
b - Deflect Missiles      Chrm/Air       #.........   100%        6    #######


Dungeon Overview and Level Annotations

Branches:
Dungeon (15/15)            Temple (1/1) D:5            Lair (8/8) D:8
  Swamp (4/4) Lair:5        Snake (4/4) Lair:6        Slime (0/6) Lair:7
    Orc (2/2) D:11            Elf (3/3) Orc:2        Vaults (5/5) D:14
  Crypt (3/3) Vaults:2       Tomb (3/3) Crypt:3      Depths (5/5) D:15
   Hell (1/1)                 Dis (7/7) Hell            Geh (0/7) Hell
    Coc (0/7) Hell            Tar (7/7) Hell            Zot (0/5) Depths:5

Altars:
Ashenzari
Cheibriados
Dithmenos
Elyvilon
Fedhas
Gozag
Kikubaaqudgha
Makhleb
Nemelex Xobeh
Okawaru
Pakellas
Qazlal
Ru
Sif Muna
Trog
Vehumet
Xom
Yredelemnul
Zin
The Shining One
Beogh

Shops:
D:6 *   D:7 [   D:9 }   Orc:2 ((?:   Elf:2 (   Vaults:2 (   Vaults:3 !

Portals:
Hell: Depths:1 Depths:2 Depths:3 Depths:4 Depths:5
Abyss: Depths:1 Depths:4
Pandemonium: Depths:3 Depths:4 Depths:5
Ziggurat: Depths:1
Bazaar: Depths:2

Annotations:
Lair:5 exclusions: electric eel and 1 more exclusion
Abyss:1 Maurice


Innate Abilities, Weirdness & Mutations

You reflexively headbutt those who attack you in melee.
You have a pair of horns on your head.
You are partially covered in rough black scales (AC +4, Dex -1).
You possess an exceptional clarity of mind.
You are clumsy. (Dex -2)
Armour fits poorly on your strangely shaped body.
Your body often deteriorates upon taking damage.
You are dopey. (Int -2)
You are frail (-10% HP).
Your magical capacity is extremely low (-30% MP).
Your natural rate of healing is unusually fast.
You are very weak. (Str -4)
Your spells are a little easier to cast, but a little less powerful.


Message History

The freezing wraith misses your angel.
The freezing wraith closely misses your angel.
The reaper barely misses you. The iron giant throws your angel!
Your angel dies!
The stone giant hits you but does no damage.
An iron imp comes into view.
The reaper hits you with a scythe of freezing!!
The reaper freezes you.
You turn to flesh and can move again.
You hit the shadow dragon zombie but do no damage.
The shadow dragon zombie bites you but does no damage.
The shadow dragon zombie completely misses you.
You block the shadow dragon zombie's attack.
You slice the shadow dragon zombie!!
The shadow dragon zombie convulses!
You cut the shadow dragon zombie into ribbons!!!
The shadow dragon zombie convulses!!!
You headbutt the shadow dragon zombie!
You feel yourself slow down.
The reaper hits you with a scythe of freezing!
The iron giant throws you!
You die...

..... #.......^#
.....#####......#
#.......#.......##
#..5....#.......##
.....4..........#
###'###..........#
#.....#2CZ.......#
#.....Z9CC......##
...#@W)......##
.....##)##......#
.... #...#......#
### #...'......#
#...##'#'###
#####.....#
#.....# #..)..#
#.....#


You could see an iron giant, 2 stone giants, a reaper, a war gargoyle, a rust
devil, a freezing wraith, a shadow dragon zombie and an alligator skeleton.

Vanquished Creatures
  Cerebov (Pan)
  A seraph (Pan)
  Gloorx Vloq (Pan)
  Ereshkigal (Tar:7)
  Mnoleg (Pan)
  6 ancient liches
  Lom Lobon (Pan)
  Mennas (Pan)
  4 juggernauts
  Sojobo (Crypt:3)
  30 greater mummies
  16 pandemonium lords (Pan)
  Margery (Depths:5)
  Vashnia (Snake:2)
  Geryon (Hell)
  11 caustic shrikes (Depths:4)
  2 golden dragons
  6 doom hounds
  4 bone dragons
  A profane servitor (Crypt:3)
  A hellephant (Hell)
  10 liches
  A pearl dragon (Depths:2)
  7 Brimstone Fiends (Pan)
  8 tentacled monstrosities
  11 Ice Fiends
  8 Hell Sentinels
  6 deep elf blademasters
  22 Shadow Fiends
  9 deep elf master archers
  The ghost of Goblin1989 the Tortoise, an adept DsGl of Okawaru (Vaults:2)
  18 titans
  3 ancient champions
  3 tentacled starspawn (Abyss:2)
  Gastronok (Lair:2)
  27 Executioners
  16 sphinxes
  8 tengu reavers
  8 shadow dragons
  7 storm dragons
  Kirke (Abyss:1)
  8 revenants
  A daeva (Pan)
  14 greater nagas
  53 large abominations
  Wiglaf (Elf:2)
  A frost giant (shapeshifter) (Vaults:5)
  6 iron dragons
  2 orc warlords
  6 warmongers (Pan)
  24 frost giants
  20 fire giants
  Louise (Elf:3)
  2 draconian scorchers (Depths:5)
  12 deep elf sorcerers
  A draconian knight (Depths:5)
  18 balrugs (Pan)
  4 draconian annihilators
  6 curse skulls
  14 vault wardens
  A caustic shrike zombie (Crypt:1)
  54 reapers
  4 deep elf elementalists
  A ghoul (Crypt:3)
  3 spriggan defenders
  6 angels (Pan)
  11 ironheart preservers
  21 very ugly things
  12 cacodemons
  10 vampire knights
  4 caustic shrike skeletons (Depths:3)
  32 stone giants
  2 apis
  2 salamander stormcallers
  7 blood saints (Pan)
  7 war gargoyles
  12 deep elf demonologists
  A black draconian (Crypt:3)
  8 bennus
  2 mottled draconians (Depths:5)
  9 lorocyprocas
  8 ophanim
  Nessos (Orc:2)
  4 corrupters (Pan)
  12 chaos champions (Pan)
  A purple draconian (Crypt:3)
  A white draconian (Depths:5)
  2 yellow draconians
  3 spark wasps
  9 deep elf annihilators
  A dire elephant (D:15)
  3 red draconians
  2 eidola
  6 black suns (Pan)
  A spectral quicksilver dragon (Crypt:3)
  19 mummy priests
  32 vault guards
  12 green deaths
  2 spectral krakens (Tar:7)
  16 ettins
  Josephine (D:11)
  5 deep elf high priests
  24 jiangshi
  17 yaktaur captains
  28 blizzard demons
  11 fire dragons
  5 rakshasas
  2 entropy weavers
  14 deep elf death magi
  7 ice dragons
  9 monstrous demonspawn (Pan)
  11 naga warriors
  11 great orbs of eyes
  2 quicksilver dragon skeletons
  23 hydras
  A kraken zombie (Hell)
  6 ghost crabs
  The ghost of Amnesiac the Martial Artist, a journeyman OpTm of Ru (Lair:1)
  11 ogre magi
  2 catoblepae (Lair:4)
  6 anacondas
  7 centaur warriors
  8 hell beasts (Pan)
  28 dancing weapons
  A titan zombie (Tar:3)
  8 alligators
  7 death knights
  11 deep troll earth magi
  6 death yaks
  9 deep troll shamans
  11 naga sharpshooters
  12 orc high priests
  7 spriggan berserkers
  6 tengu warriors
  10 thrashing horrors
  11 vampire magi
  A shock serpent (shapeshifter) (Elf:1)
  3 hell hogs
  30 deep elf knights
  37 soul eaters
  9 shock serpents
  57 sun demons
  Nergalle (Lair:3)
  5 titan skeletons
  6 wretched stars
  3 storm dragon skeletons
  A hellephant skeleton (Crypt:2)
  2 storm dragon zombies
  9 shadow wraiths
  4 fire crabs
  2 iron golems (Dis:2)
  2 death drakes
  A salamander mystic (Snake:2)
  95 skeletal warriors
  4 iron trolls
  7 cherubim (Pan)
  31 hell knights
  29 deep trolls
  12 gelid demonspawn (Pan)
  A golden dragon zombie (Tar:5)
  12 flayed ghosts
  An unseen horror (shapeshifter) (Depths:4)
  6 giant orange brains
  10 swamp dragons
  5 anaconda zombies
  21 death scarabs
  The ghost of Amnesiac the Changer, a novice OpTm of Okawaru (D:8)
  3 golden dragon skeletons
  2 shambling mangroves
  22 anubis guards
  10 infernal demonspawn (Pan)
  34 shadow demons
  27 starcursed masses
  2 spectral hydras
  3 unseen horrors
  14 orc knights
  A lindwurm (shapeshifter) (D:14)
  13 necromancers
  14 phantasmal warriors
  A tengu zombie (Vaults:2)
  An iron dragon zombie (Tar:3)
  19 deep elf archers
  11 torturous demonspawn
  10 hill giants
  8 naga ritualists
  Pikel (D:7)
  11 ironbrand convokers
  2 lindwurms (Swamp:4)
  6 wizards
  A shadow dragon zombie (Dis:6)
  2 wolf spider zombies
  9 mana vipers
  14 putrid demonspawn (Pan)
  3 hornets
  4 frost giant zombies
  7 orc sorcerers
  2 tengu skeletons (Depths:3)
  4 harpies (Vaults:4)
  A mana viper (shapeshifter) (Vaults:5)
  2 fire giant zombies
  7 wolf spiders
  A salamander (shapeshifter) (Vaults:5)
  74 deep elf magi
  An anaconda skeleton (Tar:6)
  3 stone giant zombies
  3 iron dragon skeletons
  6 cyclopes
  3 manticores
  2 shock serpent zombies
  A moth of wrath (shapeshifter) (Vaults:1)
  16 salamanders
  40 ugly things
  4 shadow dragon skeletons
  7 griffons
  25 sixfirhies
  3 worldbinders
  11 elephants
  9 fire giant skeletons
  3 apocalypse crabs (Abyss:3)
  10 naga magi
  Psyche (D:12)
  18 rust devils
  3 ice statues
  13 guardian serpents
  10 vault sentinels
  A molten gargoyle (Hell)
  3 frost giant skeletons
  2 dire elephant zombies
  34 black mambas
  3 centaur skeletons
  A titan simulacrum (Crypt:1)
  23 orange demons
  A spiny frog (shapeshifter) (Vaults:4)
  36 smoke demons
  9 hellions
  11 spectral swamp worms
  4 dire elephant skeletons
  A grey draconian zombie (Crypt:2)
  27 spiny frogs
  An emperor scorpion zombie (Tar:2)
  2 shock serpent skeletons (Pan)
  19 tormentors
  A catoblepas zombie (Dis:1)
  The ghost of Amnesiac the Changer, a novice OpTm (D:4)
  2 rime drakes
  7 efreet
  20 freezing wraiths
  10 komodo dragons
  A kobold demonologist (D:12)
  9 hellwings (Pan)
  50 yaktaurs
  16 demonic crawlers (Pan)
  A harpy zombie (Tar:7)
  21 red devils
  32 guardian mummies
  A jumping spider (Vaults:5)
  9 trolls
  A queen bee (D:8)
  10 ice devils
  2 silent spectres
  A hydra zombie (Dis:6)
  7 tengu conjurers
  3 ancient zymes (Abyss:2)
  A polar bear (shapeshifter) (Elf:1)
  A tengu simulacrum (Vaults:3)
  An alligator zombie (Hell)
  A wolf spider simulacrum (D:14)
  63 slime creatures
  6 bog bodies
  4 hydra skeletons
  22 polar bears
  14 two-headed ogres
  An ice dragon zombie (Tomb:2)
  A blink frog (shapeshifter) (Abyss:2)
  A tarantella zombie (Crypt:2)
  An ettin zombie (Dis:6)
  3 fire dragon zombies
  2 boulder beetles
  6 giant leeches
  4 raiju
  16 blink frogs
  30 ushabtiu
  An alligator skeleton (Crypt:1)
  116 flying skulls
  A spriggan skeleton (Depths:3)
  14 shadows
  13 redbacks
  10 spriggans
  5 air elementals
  2 fire dragon skeletons
  31 ynoxinuls
  5 ettin skeletons
  18 water elementals
  3 basilisks
  6 wyverns
  40 yaks
  A tarantella (Vaults:3)
  9 fire elementals
  A golden eye (Abyss:2)
  A hog (shapeshifter) (Vaults:3)
  7 hogs (D:12)
  3 hungry ghosts
  31 chaos spawn
  4 steam dragons (Swamp:4)
  21 wraiths
  27 neqoxecs
  Grum (D:9)
  3 elf skeletons (Depths:3)
  45 wolves
  7 hippogriffs
  33 vampire mosquitoes
  3 spatial vortices (Tar:3)
  18 small abominations
  5 mottled dragons
  13 insubstantial wisps
  23 nagas
  21 wargs
  A swamp worm (shapeshifter) (Vaults:5)
  26 water moccasins
  A soldier ant (D:11)
  18 swamp worms
  31 hell hounds
  A water nymph skeleton (Crypt:2)
  Purgy (Sewer)
  19 porcupines
  51 orc warriors
  7 sky beasts
  13 swamp drakes
  11 black bears
  3 ice beasts
  A slave (D:7)
  25 wasps
  A black bear (shapeshifter) (Depths:1)
  16 necrophages
  6 phantoms
  2 snapping turtle zombies
  An alligator simulacrum (Crypt:3)
  48 ogres
  2 eyes of draining (D:14)
  10 boggarts
  A swamp dragon skeleton (Crypt:1)
  A tengu (shapeshifter) (Vaults:2)
  26 centaurs
  19 crocodiles
  A crocodile (shapeshifter) (Vaults:3)
  An elf zombie (D:7)
  5 big kobolds
  18 giant frogs
  A wyvern zombie (Crypt:1)
  An earth elemental (Elf:3)
  A wyvern skeleton (D:15)
  A cyclops skeleton (Crypt:2)
  2 scorpions
  A troll zombie (Tar:7)
  An orc simulacrum (Vaults:2)
  A queen bee zombie (Crypt:1)
  58 killer bees
  33 wights
  5 electric eels
  9 howler monkeys
  9 crimson imps
  3 human simulacra
  7 human zombies
  6 quasits
  16 hounds
  6 centaur zombies
  38 orc priests
  7 iron imps
  6 jellies
  28 orc wizards
  A soldier ant zombie (Crypt:2)
  5 giant frog skeletons
  4 human skeletons
  10 iguanas
  11 worker ants
  4 hell rats (Hell)
  A killer bee zombie (D:8)
  17 sheep
  A felid skeleton (Crypt:1)
  A felid zombie (Crypt:1)
  A hound skeleton (D:8)
  54 mummies
  Robin (D:2)
  4 gnolls (D:7)
  15 adders
  69 river rats
  A river rat (shapeshifter) (Vaults:5)
  10 shadow imps
  4 white imps
  An ufetubus (Abyss:3)
  7 oozes
  An adder zombie (D:8)
  2 adder skeletons
  4 worms
  3 dart slugs
  5 giant geckos
  134 orcs
  4 ball pythons
  A bat skeleton (Crypt:1)
  13 giant cockroaches
  21 goblins
  14 hobgoblins
  25 jackals
  3 quokkas
  7 bats
  A giant gecko zombie (Crypt:2)
  3 giant newts (Sewer)
  A jackal skeleton (D:8)
  29 kobolds
  A quokka skeleton (D:4)
  5 rats
  A block of ice (Pan)
  5 crawling corpses
  A fire vortex (Vaults:5)
  A plant (Lair:8)
  5 starspawn tentacles (Abyss:2)
  6 tentacles
  A tentacle segment (Hell)
4319 creatures vanquished.

Vanquished Creatures (collateral kills)
  2 pandemonium lords (Pan)
  A deep elf blademaster (Crypt:3)
  6 Executioners
  3 ancient champions (Crypt:3)
  2 balrugs (Pan)
  A cacodemon (Pan)
  2 ophanim (Pan)
  A stone giant (Crypt:3)
  A bennu (Tomb:3)
  A death knight (Crypt:3)
  4 soul eaters
  7 sun demons
  2 hell knights (Hell)
  A deep elf knight (Crypt:3)
  2 shadow demons
  An anaconda zombie (Hell)
  2 cherubim (Pan)
  2 skeletal warriors (Crypt:3)
  An infernal demonspawn (Pan)
  A deep elf mage (Crypt:3)
  An anaconda skeleton (Hell)
  3 sixfirhies (Pan)
  2 smoke demons (Pan)
  A titan simulacrum (Hell)
  A rust devil (Dis:7)
  An orange demon (Pan)
  2 tormentors
  An efreet (Pan)
  A guardian mummy (Tomb:2)
  2 red devils
  An alligator zombie (Hell)
  2 ushabtiu (Tomb:3)
  2 flying skulls
  A small abomination (Crypt:3)
  A ynoxinul (Pan)
  A shadow (Crypt:3)
  2 water elementals (Hell)
  A large abomination (Pan)
  A chaos spawn (Pan)
  A hydra simulacrum (Hell)
  A snapping turtle skeleton (Hell)
  A manticore simulacrum (Hell)
  A crimson imp (Pan)
  2 hell rats (Hell)
  A mummy (Tomb:3)
  A white imp (Hell)
  An orc skeleton (Pan)
79 creatures vanquished.

Vanquished Creatures (others)
  2 eldritch tentacles
  3 greater nagas
  A deep elf annihilator (Elf:3)
  A bennu (Tomb:2)
  A salamander stormcaller (Vaults:5)
  A blood saint (Pan)
  A blizzard demon (Pan)
  A mummy priest (Tomb:3)
  2 deep elf high priests (Elf:3)
  2 naga warriors
  5 hydras
  A centaur warrior (Vaults:1)
  2 alligators
  An orc high priest (Orc:1)
  2 naga sharpshooters (Snake:4)
  A storm dragon skeleton (Tomb:2)
  2 salamander mystics
  2 hell knights (Depths:5)
  An unseen horror (Vaults:1)
  A swamp dragon (Swamp:4)
  A shambling mangrove (Swamp:2)
  2 anubis guards (Tomb:2)
  An orc knight (Orc:1)
  A wizard (Pan)
  2 salamanders
  An elephant (Lair:7)
  A naga mage (Snake:4)
  A guardian serpent (Snake:4)
  3 spiny frogs
  A smoke demon (Pan)
  A komodo dragon (Lair:2)
  2 yaktaurs
  2 tormentors
  A queen bee (Lair:1)
  3 polar bears (IceCv)
  A bog body (Swamp:2)
  A slime creature (Swamp:3)
  A fire dragon zombie (Tomb:3)
  10 flying skulls
  A ynoxinul (Pan)
  A wraith (Vaults:5)
  2 yaks
  A fire elemental (Hell)
  A chaos spawn (Pan)
  A wolf (Lair:5)
  A naga (shapeshifter) (Depths:4)
  2 swamp worms
  A water moccasin (Lair:4)
  A porcupine (Lair:5)
  A wasp (D:13)
  An orc warrior (Vaults:1)
  A black bear (Lair:8)
  2 slaves (D:7)
  An ogre (Depths:1)
  2 boggarts (Vaults:3)
  2 giant frogs (D:7)
  2 orc priests
  An orc wizard (D:7)
  An iguana (Lair:3)
  11 mummies
  11 ball lightnings (Pan)
  2 orcs (D:7)
  A quokka (D:7)
  A jackal zombie (D:7)
  2 blocks of ice (Pan)
  196 eldritch tentacle segments
  A fulminant prism (Pan)
  29 fungi
  6 lost souls
  A lurking horror (Abyss:1)
  38 plants
  4 starspawn tentacles (Abyss:2)
  29 starspawn tentacle segments (Abyss:2)
  16 tentacles
  251 tentacle segments
694 creatures vanquished.

Grand Total: 5092 creatures vanquished

Notes
Turn   | Place    | Note
--------------------------------------------------------------
     0 | D:1      | mememaster69 the Minotaur Fighter began the quest for the Orb.
     0 | D:1      | Reached XP level 1. HP: 19/19 MP: 0/0
   269 | D:1      | Reached XP level 2. HP: 25/27 MP: 1/1
   732 | D:1      | Reached XP level 3. HP: 31/33 MP: 2/2
   955 | D:2      | Found an iron altar of Okawaru.
   963 | D:2      | Became a worshipper of Warmaster Okawaru
  1199 | D:2      | Reached XP level 4. HP: 40/40 MP: 3/3
  1705 | D:2      | Noticed Robin
  1715 | D:2      | Killed Robin
  1715 | D:2      | Reached skill level 5 in Long Blades
  2110 | D:3      | Found a deep blue altar of Sif Muna.
  2127 | D:3      | Reached XP level 5. HP: 44/46 MP: 4/4
  2990 | D:4      | Reached XP level 6. HP: 52/52 MP: 5/5
  3522 | D:4      | Noticed Amnesiac's ghost (novice OpTm)
  3574 | D:5      | Entered Level 5 of the Dungeon
  3732 | D:5      | Got a smoking falchion
  3733 | D:5      | Identified the +1 falchion of Wrath {holy, *Drain rElec rC+} (You found it on level 5 of the Dungeon)
  3763 | D:4      | Killed Amnesiac's ghost
  3763 | D:4      | Reached XP level 7. HP: 29/59 MP: 6/6
  4260 | D:5      | Reached * piety under Okawaru
  4260 | D:5      | Reached skill level 10 in Long Blades
  4265 | D:5      | Gained mutation: You passively map a small area around you. [mutagenic meat]
  4266 | D:5      | Gained mutation: You are dopey. (Int -2) [mutagenic meat]
  4267 | D:5      | Gained mutation: You are very dopey. (Int -4) [mutagenic meat]
  4268 | D:5      | Gained mutation: Armour fits poorly on your strangely shaped body. [mutagenic meat]
  4269 | D:5      | Lost mutation: You are very dopey. (Int -4) [mutagenic meat]
  4434 | D:5      | Found a staircase to the Ecumenical Temple.
  4756 | D:5      | Found a radiant altar of Vehumet.
  4756 | D:5      | Found a burning altar of Makhleb.
  4851 | D:6      | Found Kiokoint's General Store.
  4870 | D:6      | Bought a potion of curing for 39 gold pieces
  4931 | D:6      | Found a glowing drain.
  4967 | Sewer    | Entered a sewer
  5041 | Sewer    | Noticed Purgy
  5054 | Sewer    | Killed Purgy
  5054 | Sewer    | Reached skill level 5 in Fighting
  5054 | Sewer    | Reached XP level 8. HP: 61/69 MP: 7/7
  5225 | D:7      | Reached skill level 1 in Dodging
  5535 | D:7      | Reached ** piety under Okawaru
  5593 | D:7      | Reached skill level 5 in Dodging
  5888 | D:7      | Found a shimmering altar of Xom.
  5979 | D:7      | Found Jilon's Armour Emporium.
  6017 | D:7      | Reached skill level 5 in Armour
  6102 | D:7      | Reached XP level 9. HP: 67/75 MP: 8/8
  6166 | D:7      | Found a basalt altar of Yredelemnul.
  6494 | D:7      | Reached *** piety under Okawaru
  6536 | D:7      | Noticed Pikel
  6547 | D:7      | Killed Pikel
  6860 | D:6      | Gained mutation: You have sharp fingernails. [mutagenic meat]
  6862 | D:6      | Lost mutation: You are dopey. (Int -2) [mutagenic meat]
  6863 | D:6      | Gained mutation: You are frail (-10% HP). [mutagenic meat]
  7360 | D:8      | Found a sacrificial altar of Ru.
  7360 | D:8      | Found a shattered altar of Ashenzari.
  7687 | D:8      | Reached **** piety under Okawaru
  7718 | D:8      | Noticed Amnesiac's ghost (novice OpTm)
  7753 | D:8      | Killed Amnesiac's ghost
  7753 | D:8      | Reached XP level 10. HP: 52/81 MP: 9/9
  8724 | D:8      | Reached skill level 1 in Invocations
  9316 | D:8      | Found an ancient bone altar of Kikubaaqudgha.
  9316 | D:8      | Found a blossoming altar of Fedhas.
  9575 | D:8      | Noticed a cyclops
  9588 | D:7      | Killed a cyclops
  9988 | D:8      | Found a staircase to the Lair.
 10445 | D:8      | Found an opulent altar of Gozag.
 10447 | D:8      | Found a sparkling altar of Nemelex Xobeh.
 10528 | D:8      | Reached skill level 10 in Armour
 11225 | D:9      | Reached skill level 5 in Invocations
 11231 | D:9      | Reached ***** piety under Okawaru
 11231 | D:9      | Reached XP level 11. HP: 74/87 MP: 4/13
 11419 | D:9      | Found Ighihalud's Quality Used Wands.
 11474 | D:9      | Noticed Grum
 11493 | D:9      | Killed Grum
 12163 | D:10     | Entered Level 10 of the Dungeon
 12694 | D:10     | Noticed an unseen horror
 12709 | D:10     | Killed an unseen horror
 13142 | D:10     | Gained mutation: Scrolls take you a little longer to read. [potion of mutation]
 13142 | D:10     | Gained mutation: You passively map the area around you. [potion of mutation]
 13142 | D:10     | Gained mutation: Your mind is acute. (Int +2) [potion of mutation]
 13370 | D:11     | Found a staircase to the Orcish Mines.
 13500 | D:11     | Noticed a green ugly thing
 13507 | D:11     | Killed a green ugly thing
 13507 | D:11     | Received a gift from Okawaru
 13517 | D:11     | Gained mutation: Your natural rate of healing is unusually fast. [mutagenic meat]
 13758 | D:11     | Noticed a hill giant
 13787 | D:11     | Killed a hill giant
 13803 | D:11     | Gained mutation: Scrolls take you longer to read. [mutagenic meat]
 13805 | D:11     | Gained mutation: You are very frail (-20% HP). [mutagenic meat]
 13904 | D:11     | Noticed Josephine
 13908 | D:11     | Killed Josephine
 13908 | D:11     | Reached skill level 10 in Dodging
 14048 | D:11     | Noticed a hill giant
 14054 | D:11     | Killed a hill giant
 14103 | D:11     | Reached XP level 12. HP: 76/83 MP: 4/14
 14435 | D:11     | Reached skill level 10 in Fighting
 14775 | D:12     | Noticed Psyche
 14798 | D:12     | Killed Psyche
 14842 | D:12     | Reached skill level 15 in Long Blades
 15001 | D:12     | Received a gift from Okawaru
 15006 | D:12     | Got an ichor-stained triple sword {god gift}
 15008 | D:12     | Identified the +4 triple sword of Ynoumuun {distort, rC+ Str+4 Dex+7} (Okawaru gifted it to you on level 12 of the Dungeon)
 15571 | D:12     | Lost mutation: Your mind is acute. (Int +2) [mutagenic meat]
 15572 | D:12     | Gained mutation: You have very sharp fingernails. [mutagenic meat]
 16109 | Lair:1   | Entered Level 1 of the Lair of Beasts
 16109 | Lair:1   | Noticed an eight-headed hydra
 16246 | Lair:1   | Noticed Amnesiac's ghost (journeyman OpTm)
 16261 | Lair:1   | Killed Amnesiac's ghost
 16261 | Lair:1   | Received a gift from Okawaru
 16321 | Lair:1   | Noticed a six-headed hydra
 16322 | Lair:1   | Noticed Gastronok
 16493 | Lair:2   | Found a frozen archway.
 16508 | IceCv    | Entered an ice cave
 16867 | IceCv    | Reached XP level 13. HP: 59/92 MP: 15/15
 16993 | IceCv    | Reached ****** piety under Okawaru
 17014 | IceCv    | Noticed a frost giant
 17028 | IceCv    | Killed a frost giant
 17028 | IceCv    | Received a gift from Okawaru
 17119 | IceCv    | Got an iridescent great sword
 18657 | Lair:3   | Noticed Nergalle
 18660 | Lair:3   | Killed Nergalle
 19322 | Lair:4   | Identified the +7 great sword "Lihuf" {freeze, rN++ MP-9} (You found it in an ice cave)
 19592 | Lair:4   | Received a gift from Okawaru
 19592 | Lair:4   | Reached XP level 14. HP: 95/105 MP: 18/18
 21142 | Lair:5   | Received a gift from Okawaru
 21149 | Lair:5   | Found a staircase to the Swamp.
 21648 | Lair:6   | Found a staircase to the Snake Pit.
 22634 | Lair:7   | Found a staircase to the Slime Pits.
 22999 | Lair:8   | Entered Level 8 of the Lair of Beasts
 23021 | Lair:8   | Received a gift from Okawaru
 23035 | Lair:8   | Reached skill level 1 in Evocations
 23042 | Lair:8   | Got a dazzling ring mail {god gift}
 23058 | Lair:8   | Identified the +3 ring mail of the Imp {rF+ Stlth+} (Okawaru gifted it to you on level 8 of the Lair of Beasts)
 23895 | Lair:8   | Reached XP level 15. HP: 56/110 MP: 17/19
 24942 | Lair:1   | Reached skill level 15 in Dodging
 25626 | Orc:1    | Entered Level 1 of the Orcish Mines
 25753 | Orc:1    | Noticed an orc warlord
 26134 | Orc:2    | Entered Level 2 of the Orcish Mines
 26134 | Orc:2    | Noticed Nessos
 26279 | D:12     | Gained mutation: You occasionally shout uncontrollably at your foes. [mutagenic meat]
 26291 | D:12     | Noticed Kirke
 26318 | D:12     | Banished Kirke
 26407 | D:13     | Noticed Maurice
 26410 | D:13     | Banished Maurice
 26692 | D:13     | Lost mutation: You are very frail (-20% HP). [mutagenic meat]
 26693 | D:13     | Lost mutation: You have very sharp fingernails. [mutagenic meat]
 26712 | D:13     | Reached skill level 15 in Fighting
 26717 | D:13     | Gained mutation: Your muscles are strong. (Str +2) [mutagenic meat]
 26719 | D:13     | Gained mutation: You tend to lose your temper in combat. [mutagenic meat]
 27065 | D:14     | Found a shadowy altar of Dithmenos.
 27725 | D:14     | Received a gift from Okawaru
 27811 | D:14     | Lost mutation: Your muscles are strong. (Str +2) [mutagenic meat]
 27812 | D:14     | Lost mutation: You passively map the area around you. [mutagenic meat]
 27813 | D:14     | Lost mutation: Your natural rate of healing is unusually fast. [mutagenic meat]
 27820 | D:14     | Found a gate to the Vaults.
 27954 | D:15     | Entered Level 15 of the Dungeon
 28207 | D:15     | Identified a scroll of acquirement
 28625 | D:15     | Found a staircase to the Depths.
 28838 | D:15     | Upgraded the game from 0.18-a0-1426-g3b9a63c to 0.18-a0-1435-gee79d65
 28961 | Orc:2    | Killed Nessos
 29035 | Orc:2    | Received a gift from Okawaru
 29205 | Orc:2    | Reached XP level 16. HP: 101/134 MP: 20/20
 29290 | Orc:2    | Found a staircase to the Elven Halls.
 29569 | Orc:2    | Found Gokyriy Ynwe's Weapon Shoppe.
 29570 | Orc:2    | Found Enuheki's Antique Weapon Boutique.
 29595 | Orc:2    | Received a gift from Okawaru
 29751 | Orc:2    | Found Ypedir's Magic Scroll Shoppe.
 29751 | Orc:2    | Found Tymuwky's Book Boutique.
 29819 | Orc:2    | Bought a manual of Long Blades for 1656 gold pieces
 29907 | Orc:2    | Found a roughly hewn altar of Beogh.
 29968 | Orc:2    | Got a polished great sword {god gift}
 29997 | Orc:2    | Bought a scroll of enchant armour for 82 gold pieces
 29997 | Orc:2    | Bought 2 scrolls of identify for 44 gold pieces
 29997 | Orc:2    | Bought a scroll of enchant weapon for 82 gold pieces
 29997 | Orc:2    | Bought a scroll of identify for 22 gold pieces
 29997 | Orc:2    | Bought a scroll of identify for 22 gold pieces
 29997 | Orc:2    | Bought a scroll of identify for 22 gold pieces
 30010 | Orc:2    | Identified the +1 great sword "Beastslayer" {flame, -Tele MP+9 Int+9} (Okawaru gifted it to you on level 2 of the Orcish Mines)
 30565 | Orc:1    | Found a roughly hewn altar of Beogh.
 30752 | D:10     | Gained mutation: You are partially covered in rough black scales (AC +4, Dex -1). [mutagenic meat]
 30754 | D:10     | Lost mutation: You are frail (-10% HP). [mutagenic meat]
 30755 | D:10     | Lost mutation: Scrolls take you longer to read. [mutagenic meat]
 31021 | Swamp:1  | Entered Level 1 of the Swamp
 32177 | Swamp:2  | Lost mutation: You tend to lose your temper in combat. [mutagenic meat]
 32178 | Swamp:2  | Gained mutation: Your system is resistant to poisons. [mutagenic meat]
 32180 | Swamp:2  | Gained mutation: You possess an exceptional clarity of mind. [mutagenic meat]
 32181 | Swamp:2  | Gained mutation: You are agile. (Dex +2) [mutagenic meat]
 32578 | Swamp:2  | Found a radiant altar of Vehumet.
 33042 | Swamp:2  | Received a gift from Okawaru
 33657 | Swamp:3  | Reached skill level 15 in Armour
 34045 | Swamp:4  | Entered Level 4 of the Swamp
 34078 | Swamp:4  | Received a gift from Okawaru
 34099 | Swamp:4  | Reached XP level 17. HP: 152/156 MP: 21/21
 35142 | Swamp:4  | Got a decaying rune of Zot
 35518 | Lair:2   | Killed Gastronok
 35716 | Lair:5   | Received a gift from Okawaru
 35788 | Snake:1  | Entered Level 1 of the Snake Pit
 36018 | D:6      | Bought the +3 crown of Dyrovepreva {rElec Int+2 SInv} for 538 gold pieces
 36260 | Snake:1  | Gained mutation: Your flesh is heat resistant. [mutagenic meat]
 36263 | Snake:1  | Gained mutation: You are weak. (Str -2) [mutagenic meat]
 37388 | Snake:2  | Noticed Vashnia
 37789 | Snake:2  | Killed Vashnia
 38245 | Snake:2  | Received a gift from Okawaru
 38812 | Snake:3  | Reached XP level 18. HP: 155/163 MP: 22/22
 38909 | Snake:3  | Lost mutation: Armour fits poorly on your strangely shaped body. [mutagenic meat]
 39409 | Snake:4  | Entered Level 4 of the Snake Pit
 39578 | Snake:4  | Received a gift from Okawaru
 39581 | Snake:4  | Got an encrusted hat {god gift}
 39593 | Snake:4  | Identified the +0 hat "Qiewe" {rF+ Regen+ Dex+2} (Okawaru gifted it to you on level 4 of the Snake Pit)
 39736 | Snake:4  | Found a burning altar of Makhleb.
 41586 | Snake:4  | Got a serpentine rune of Zot
 42211 | Vaults:1 | Entered Level 1 of the Vaults
 42222 | Vaults:1 | Received a gift from Okawaru
 42337 | Vaults:1 | Cast into level 3 of the Abyss (an ogre mage)
 42402 | Abyss:3  | Found a snail-covered altar of Cheibriados.
 42442 | Vaults:1 | Escaped the Abyss
 42454 | Vaults:1 | Gained mutation: Your magical capacity is low (-10% MP). [mutagenic glow]
 42506 | D:14     | Gained mutation: Armour fits poorly on your strangely shaped body. [mutagenic glow]
 43045 | Vaults:1 | Reached XP level 19. HP: 177/180 MP: 11/20
 44232 | Vaults:2 | Noticed Goblin1989's ghost (adept DsGl)
 45114 | Vaults:2 | Found a staircase to the Crypt.
 45171 | Vaults:2 | Killed Goblin1989's ghost
 45310 | Vaults:2 | Received a gift from Okawaru
 45607 | Vaults:2 | Found Vuhaukku's Weapon Shop.
 46440 | Vaults:3 | Lost mutation: Armour fits poorly on your strangely shaped body. [mutagenic meat]
 46602 | Vaults:3 | Received a gift from Okawaru
 47621 | Vaults:3 | Found Ripil's Distillery.
 48015 | Vaults:4 | Reached XP level 20. HP: 178/189 MP: 12/21
 48220 | Vaults:4 | Received a gift from Okawaru
 48223 | Vaults:4 | Got a smoking triple sword {god gift}
 48227 | Vaults:4 | Identified the +8 triple sword of Defiance {vamp, Str+3} (Okawaru gifted it to you on level 4 of the Vaults)
 49273 | Depths:1 | Entered Level 1 of the Depths
 49454 | Depths:1 | Received a gift from Okawaru
 49610 | Depths:1 | Found a glowing golden altar of the Shining One.
 49826 | Depths:1 | Found a gateway to Hell.
 49835 | Depths:1 | Found a gateway to a ziggurat.
 50086 | Depths:1 | Found a one-way gate to the infinite horrors of the Abyss.
 50295 | Depths:2 | Found a gateway to a bazaar.
 50344 | Depths:2 | Got a bloodstained scale mail
 50421 | Depths:2 | Identified the +4 scale mail of Magic {rElec MP+9 Dex-2 Stlth+} (You found it on level 2 of the Depths)
 50962 | Depths:2 | Got a jewelled leather armour
 50986 | Depths:2 | Identified the cursed +1 leather armour of Yredelemnul's Reproof {rElec rN++ MR- MP+9} (You found it on level 2 of the Depths)
 51008 | Depths:2 | Noticed a pearl dragon
 51022 | Depths:2 | Killed a pearl dragon
 51190 | Depths:2 | Reached XP level 21. HP: 204/204 MP: 22/22
 51199 | Depths:2 | Found a white marble altar of Elyvilon.
 51201 | Depths:2 | Found a glowing silver altar of Zin.
 51202 | Depths:2 | Found a glowing golden altar of the Shining One.
 51549 | Depths:3 | Received a gift from Okawaru
 51590 | Depths:3 | Got a faintly glowing triple sword {god gift}
 51594 | Depths:3 | Identified the +8 triple sword of Soiptiof {elec, Dex+3} (Okawaru gifted it to you on level 3 of the Depths)
 52591 | Depths:3 | Identified the Guide on Torrid Attacks
 52636 | Depths:3 | Received a gift from Okawaru
 52814 | Depths:3 | Got a scintillating marble ring
 52816 | Depths:3 | Identified the ring of Hito {+Fly rPois rN+++ Str-5 Int-2} (You took it off a skeletal warrior on level 3 of the Depths)
 53008 | Depths:3 | Found a one-way gate leading to the halls of Pandemonium.
 53206 | Depths:4 | Received a gift from Okawaru
 53516 | Depths:4 | Reached XP level 22. HP: 200/215 MP: 23/23
 53678 | Depths:4 | Noticed a caustic shrike
 53681 | Depths:4 | Noticed a caustic shrike
 53681 | Depths:4 | Noticed a caustic shrike
 53690 | Depths:4 | Killed a caustic shrike
 53691 | Depths:4 | Noticed a caustic shrike
 53709 | Depths:4 | Killed a caustic shrike
 53713 | Depths:4 | Noticed a caustic shrike
 53715 | Depths:4 | Killed a caustic shrike
 53717 | Depths:4 | Noticed a caustic shrike
 53722 | Depths:4 | Noticed a caustic shrike
 53732 | Depths:4 | Received a gift from Okawaru
 53739 | Depths:4 | Got a brightly glowing shield {god gift}
 53746 | Depths:4 | Identified the +0 shield of the Undertaker {rPois rCorr Str+3 Dex-4} (Okawaru gifted it to you on level 4 of the Depths)
 53906 | Depths:4 | Noticed a caustic shrike
 53907 | Depths:4 | Noticed a caustic shrike
 53907 | Depths:4 | Noticed a caustic shrike
 53907 | Depths:4 | Noticed a juggernaut
 54034 | Depths:4 | Killed a caustic shrike
 54039 | Depths:4 | Killed a caustic shrike
 54043 | Depths:4 | Killed a caustic shrike
 54050 | Depths:4 | Killed a juggernaut
 54099 | Depths:4 | Killed a caustic shrike
 54208 | Depths:4 | Got a glittering jade amulet
 54234 | Depths:4 | Noticed a caustic shrike
 54235 | Depths:4 | Noticed a juggernaut
 54245 | Depths:4 | Killed a caustic shrike
 54249 | Depths:4 | Killed a caustic shrike
 54253 | Depths:4 | Killed a caustic shrike
 54411 | Depths:4 | Received a gift from Okawaru
 54414 | Depths:4 | Noticed a golden dragon
 54425 | Depths:4 | Noticed a juggernaut
 54428 | Depths:4 | Killed a golden dragon
 54446 | Depths:4 | Killed a juggernaut
 54836 | Lair:2   | Identified the amulet of Posiux Ycume {Dismiss Int+4} (You took it off a spriggan defender on level 4 of the Depths)
 54951 | Lair:2   | Lost mutation: You are agile. (Dex +2) [potion of cure mutation]
 54951 | Lair:2   | Lost mutation: Scrolls take you a little longer to read. [potion of cure mutation]
 54951 | Lair:2   | Lost mutation: Your flesh is heat resistant. [potion of cure mutation]
 54951 | Lair:2   | Lost mutation: You occasionally shout uncontrollably at your foes. [potion of cure mutation]
 54951 | Lair:2   | Lost mutation: You passively map a small area around you. [potion of cure mutation]
 55396 | Depths:4 | Killed a juggernaut
 55465 | Depths:4 | Killed a caustic shrike
 55480 | Depths:4 | Reached XP level 23. HP: 223/223 MP: 24/24
 55746 | Depths:5 | Entered Level 5 of the Depths
 55777 | Depths:5 | Noticed Margery
 55849 | Depths:5 | Received a gift from Okawaru
 56014 | Depths:5 | Killed Margery
 56067 | Depths:5 | Noticed a juggernaut
 56083 | Depths:5 | Killed a juggernaut
 56094 | Depths:5 | Received a gift from Okawaru
 56516 | Depths:5 | Found a gate to the Realm of Zot.
 57066 | Depths:5 | Received a gift from Okawaru
 57479 | Vaults:3 | Bought a potion of curing for 63 gold pieces
 57479 | Vaults:3 | Bought a potion of resistance for 210 gold pieces
 57479 | Vaults:3 | Bought a potion of might for 84 gold pieces
 57479 | Vaults:3 | Bought a potion of resistance for 210 gold pieces
 57479 | Vaults:3 | Bought a potion of heal wounds for 105 gold pieces
 57479 | Vaults:3 | Bought a potion of haste for 210 gold pieces
 57479 | Vaults:3 | Bought a potion of might for 84 gold pieces
 57673 | Vaults:5 | Entered Level 5 of the Vaults
 57696 | Vaults:5 | Noticed an ancient lich
 57702 | Vaults:5 | Noticed an ancient lich
 57710 | Vaults:5 | Killed an ancient lich
 57719 | Vaults:5 | Killed an ancient lich
 57728 | Vaults:5 | Reached XP level 24. HP: 237/237 MP: 20/24
 57741 | Vaults:5 | Cast into level 3 of the Abyss (a deep elf sorcerer)
 57770 | Vaults:5 | Escaped the Abyss
 57780 | Vaults:5 | Received a gift from Okawaru
 57798 | Vaults:5 | Paralysed by a sphinx for 2 turns
 58113 | Vaults:5 | Noticed an ancient lich
 58138 | Vaults:5 | Killed an ancient lich
 58160 | Vaults:5 | Received a gift from Okawaru
 58846 | Vaults:5 | Identified the Compendium of Unstable Combat Magic
 58848 | Vaults:5 | Identified Sif Muna's Catalogue of Lethal Venom
 58896 | Vaults:5 | Reached skill level 27 in Fighting
 59135 | Vaults:5 | Reached XP level 25. HP: 241/257 MP: 24/24
 59223 | Vaults:5 | Got a silver rune of Zot
 59243 | Vaults:5 | Got a bound bronze amulet
 59336 | Vaults:5 | Identified the amulet "Qicwoqe" {Reflect MR+ Int+4 Dex+4 SH+4 SInv} (You took it off a deep elf high priest on level 5 of the Vaults)
 59934 | Elf:1    | Entered Level 1 of the Elven Halls
 60770 | Elf:2    | Received a gift from Okawaru
 60777 | Elf:2    | Got a slimy cloak {god gift}
 60824 | Elf:2    | Identified the +0 cloak of Eternity {rC+ Str+4 Slay+2} (Okawaru gifted it to you on level 2 of the Elven Halls)
 61045 | Elf:2    | Found a runed gate.
 61045 | Elf:2    | Found a runed gate.
 61045 | Elf:2    | Found a runed gate.
 61186 | Elf:2    | Noticed Wiglaf
 61192 | Elf:2    | Killed Wiglaf
 61222 | Elf:2    | Found Gikkez's Weapon Boutique.
 61603 | Elf:3    | Entered Level 3 of the Elven Halls
 61821 | Elf:3    | Noticed Louise
 61828 | Elf:3    | Killed Louise
 62232 | Elf:3    | Received a gift from Okawaru
 62963 | Elf:3    | Got a glittering zirconium amulet
 62973 | Elf:3    | Identified the amulet of Sunlight {Faith rElec Str+7 Int-5} (You took it off a deep elf death mage on level 3 of the Elven Halls)
 63066 | Elf:3    | Got a translucent golden amulet
 63147 | Elf:3    | Identified the Tome of Creation
 63149 | Elf:3    | Identified the Guide on Dusty Transmigration
 63182 | Elf:3    | Identified the amulet "Oghinysk" {+Rage Str+2 Int+4} (You found it on level 3 of the Elven Halls)
 63196 | Elf:3    | Got a faintly glowing cloak
 63207 | Elf:3    | Identified the +0 cloak of Moduu {rN+ MP+9} (You found it on level 3 of the Elven Halls)
 63632 | Temple   | Entered the Ecumenical Temple
 63671 | Temple   | Fell from the grace of Okawaru
 63671 | Temple   | Became a worshipper of the Shining One
 63829 | Lair:2   | Gained mutation: You have large cloven feet. [potion of beneficial mutation]
 64169 | Crypt:1  | Entered Level 1 of the Crypt
 64427 | Crypt:1  | Reached * piety under the Shining One
 64454 | Crypt:1  | Reached XP level 26. HP: 250/266 MP: 25/25
 64487 | Crypt:1  | Reached ** piety under the Shining One
 64663 | Crypt:1  | Got a clouded amethyst amulet
 64664 | Crypt:1  | Identified the amulet "Ungorhit" {Gourm MP+9 Dex+4} (You acquired it on level 1 of the Crypt)
 65210 | Depths:4 | Learned a level 6 spell: Haste
 65603 | Crypt:1  | Reached skill level 1 in Charms
 65622 | Crypt:1  | Reached *** piety under the Shining One
 65760 | Crypt:1  | Reached **** piety under the Shining One
 66303 | Crypt:2  | Reached ***** piety under the Shining One
 66452 | Crypt:2  | Reached skill level 5 in Charms
 66632 | Crypt:2  | Reached ****** piety under the Shining One
 67190 | Crypt:3  | Entered Level 3 of the Crypt
 67447 | Crypt:3  | Found a basalt altar of Yredelemnul.
 67456 | Crypt:3  | Reached skill level 10 in Invocations
 68200 | Crypt:3  | Got a coiled glass ring
 68202 | Crypt:3  | Identified the ring "Qeraim" {rElec MP+9 Str+2 Dex-4 SInv} (You found it on level 3 of the Crypt)
 68240 | Crypt:3  | Found a staircase to the Tomb.
 68499 | Crypt:3  | Noticed Sojobo
 68528 | Crypt:3  | Killed Sojobo
 68635 | Crypt:3  | Was forgiven by Okawaru
 68705 | Tomb:1   | Entered Level 1 of the Tomb of the Ancients
 69061 | Tomb:1   | Reached XP level 27. HP: 273/273 MP: 29/29
 69173 | Tomb:1   | Reached skill level 15 in Invocations
 69191 | Tomb:1   | Noticed a greater mummy
 69195 | Tomb:1   | Killed a greater mummy
 69534 | Tomb:2   | Noticed an ancient lich
 69537 | Tomb:2   | Noticed a greater mummy
 69538 | Tomb:2   | Noticed a greater mummy
 69538 | Tomb:2   | Noticed a greater mummy
 69771 | Tomb:1   | Killed a greater mummy
 69777 | Tomb:1   | Killed a greater mummy
 69910 | Tomb:1   | Killed an ancient lich
 70044 | Tomb:2   | Killed a greater mummy
 70339 | Tomb:1   | Noticed a greater mummy
 70349 | Tomb:1   | Killed a greater mummy
 70350 | Tomb:1   | Noticed a greater mummy
 70355 | Tomb:1   | Noticed a greater mummy
 70360 | Tomb:1   | Killed a greater mummy
 70364 | Tomb:1   | Killed a greater mummy
 70463 | Tomb:1   | Noticed a greater mummy
 70465 | Tomb:1   | Noticed a greater mummy
 70471 | Tomb:1   | Killed a greater mummy
 70476 | Tomb:1   | Killed a greater mummy
 70487 | Tomb:1   | Noticed a greater mummy
 70494 | Tomb:1   | Killed a greater mummy
 70581 | Tomb:1   | Noticed a greater mummy
 70589 | Tomb:1   | Killed a greater mummy
 70620 | Tomb:1   | Noticed a greater mummy
 70630 | Tomb:1   | Killed a greater mummy
 70679 | Tomb:1   | Noticed a greater mummy
 70689 | Tomb:1   | Killed a greater mummy
 70812 | Tomb:1   | Noticed a greater mummy
 70815 | Tomb:1   | Noticed a greater mummy
 70819 | Tomb:1   | Killed a greater mummy
 70823 | Tomb:1   | Noticed a greater mummy
 70827 | Tomb:1   | Killed a greater mummy
 70898 | Tomb:1   | Killed a greater mummy
 71068 | Tomb:1   | Noticed a greater mummy
 71079 | Tomb:1   | Killed a greater mummy
 71213 | Tomb:1   | Noticed a greater mummy
 71214 | Tomb:1   | Noticed a greater mummy
 71218 | Tomb:1   | Killed a greater mummy
 71222 | Tomb:1   | Killed a greater mummy
 71225 | Tomb:1   | Noticed a greater mummy
 71232 | Tomb:1   | Noticed a greater mummy
 71234 | Tomb:1   | Killed a greater mummy
 71239 | Tomb:1   | Noticed a greater mummy
 71243 | Tomb:1   | Killed a greater mummy
 71249 | Tomb:1   | Killed a greater mummy
 71409 | Tomb:1   | Noticed a greater mummy
 71416 | Tomb:1   | Killed a greater mummy
 71497 | Tomb:2   | Reached skill level 10 in Charms
 71638 | Tomb:3   | Entered Level 3 of the Tomb of the Ancients
 71944 | Tomb:3   | Noticed an ancient lich
 72106 | Tomb:3   | Noticed a greater mummy
 72110 | Tomb:3   | Noticed a greater mummy
 72285 | Tomb:3   | Noticed a greater mummy
 72286 | Tomb:3   | Noticed a greater mummy
 72286 | Tomb:3   | Noticed an ancient lich
 72287 | Tomb:3   | Noticed a greater mummy
 72287 | Tomb:3   | Killed an ancient lich
 72289 | Tomb:3   | Noticed a greater mummy
 72515 | Tomb:2   | Killed a greater mummy
 73147 | Tomb:2   | Killed a greater mummy
 73165 | Tomb:2   | Killed a greater mummy
 73224 | Tomb:2   | Killed an ancient lich
 73331 | Tomb:2   | Killed a greater mummy
 73553 | Tomb:2   | Killed a greater mummy
 73647 | Tomb:3   | Noticed a greater mummy
 73659 | Tomb:3   | Killed a greater mummy
 73871 | Tomb:3   | Killed a greater mummy
 73996 | Tomb:3   | Got a smoking jade ring
 74003 | Tomb:3   | Got a crude pewter amulet
 74040 | Tomb:3   | Learned a level 6 spell: Deflect Missiles
 74044 | Tomb:3   | Identified the amulet "Wucun" {Gourm rElec rPois Int-5} (You found it on level 3 of the Tomb of the Ancients)
 74051 | Tomb:3   | Identified the ring "Cipato Ufac" {rC+ rN+ MR+} (You found it on level 3 of the Tomb of the Ancients)
 74063 | Tomb:3   | Got a scorched diamond amulet
 74079 | Tomb:3   | Got an ancient platinum ring
 74088 | Tomb:3   | Got a glittering silver ring
 74092 | Tomb:3   | Identified the ring of the Scavenger {MR++ SInv Stlth+} (You found it on level 3 of the Tomb of the Ancients)
 74094 | Tomb:3   | Identified the ring "Kugut" {Fire Fragile rN+++ Str+9 Int-5} (You found it on level 3 of the Tomb of the Ancients)
 74098 | Tomb:3   | Identified the amulet of Duamiu {Harm *Drain *Corrode Str+4 Int+5} (You found it on level 3 of the Tomb of the Ancients)
 74106 | Tomb:3   | Got a brightly glowing steam dragon armour
 74119 | Tomb:3   | Identified the +1 steam dragon armour of Creativity {Slay+2 Stlth+} (You found it on level 3 of the Tomb of the Ancients)
 74196 | Tomb:3   | Got a golden rune of Zot
 75224 | Lair:2   | Identified a +5 eudemon blade of holy wrath (a +3 demon blade of venom blessed by the Shining One)
 75224 | Lair:2   | Received a gift from the Shining One
 75650 | Pan      | Entered Pandemonium
 75764 | Pan      | Found an exit through the horrors of the Abyss.
 75776 | Pan      | Reached skill level 27 in Armour
 75804 | Pan      | Noticed Acunwec the pandemonium lord
 75831 | Pan      | Killed Acunwec the pandemonium lord
 76173 | Pan      | Found a runed door.
 76268 | Pan      | Noticed Ysu Dar the pandemonium lord
 76271 | Pan      | Killed Ysu Dar the pandemonium lord
 76348 | Pan      | Noticed Rotroyl the pandemonium lord
 76355 | Pan      | Killed Rotroyl the pandemonium lord
 76416 | Pan      | Found an exit through the horrors of the Abyss.
 76442 | Depths:3 | Escaped Pandemonium
 76479 | Pan      | Entered Pandemonium
 76527 | Pan      | Found an exit through the horrors of the Abyss.
 76591 | Pan      | Noticed Mennas
 76605 | Pan      | Killed Mennas
 76833 | Pan      | Noticed Ciaw the pandemonium lord
 76843 | Pan      | Killed Ciaw the pandemonium lord
 76866 | Pan      | Gained mutation: Armour fits poorly on your strangely shaped body. [a cacodemon]
 76897 | Pan      | Gained mutation: Scrolls take you a little longer to read. [potion of mutation]
 76897 | Pan      | Lost mutation: You have large cloven feet. [potion of mutation]
 76897 | Pan      | Lost mutation: Armour fits poorly on your strangely shaped body. [potion of mutation]
 77352 | Pan      | Found an exit through the horrors of the Abyss.
 77495 | Pan      | Noticed Etred the pandemonium lord
 77515 | Pan      | Killed Etred the pandemonium lord
 77515 | Pan      | Reached skill level 27 in Long Blades
 77694 | Pan      | Noticed Rihoasea the pandemonium lord
 77708 | Pan      | Killed Rihoasea the pandemonium lord
 77764 | Pan      | Got a demonic rune of Zot
 77942 | Pan      | Noticed Ynano the pandemonium lord
 77950 | Pan      | Gained mutation: You are frail (-10% HP). [a neqoxec]
 77952 | Pan      | Killed Ynano the pandemonium lord
 78138 | Pan      | Found a runed door.
 78360 | Pan      | Noticed Gamp the pandemonium lord
 78365 | Pan      | Killed Gamp the pandemonium lord
 78441 | Pan      | Noticed Goerian the pandemonium lord
 78454 | Pan      | Killed Goerian the pandemonium lord
 78776 | Pan      | Found an exit through the horrors of the Abyss.
 78835 | Pan      | Noticed Catuxzin the pandemonium lord
 78859 | Pan      | Killed Catuxzin the pandemonium lord
 78976 | Pan      | Found an exit through the horrors of the Abyss.
 79113 | Pan      | Noticed Cuirreu the pandemonium lord
 79122 | Pan      | Killed Cuirreu the pandemonium lord
 79417 | Pan      | Reached skill level 27 in Dodging
 80117 | Pan      | Entered the realm of Mnoleg.
 80137 | Pan      | Gained mutation: You tend to lose your temper in combat. [a neqoxec]
 80161 | Pan      | Gained mutation: Potions and wands are less effective at restoring your health. [mutagenic meat]
 80162 | Pan      | Gained mutation: Your body sometimes deteriorates upon taking damage. [mutagenic meat]
 80163 | Pan      | Gained mutation: You have sharp toenails. [mutagenic meat]
 80164 | Pan      | Lost mutation: You are frail (-10% HP). [mutagenic meat]
 80165 | Pan      | Lost mutation: Scrolls take you a little longer to read. [mutagenic meat]
 80168 | Pan      | Gained mutation: You evolve. [mutagenic meat]
 80169 | Pan      | Lost mutation: Potions and wands are less effective at restoring your health. [mutagenic meat]
 80185 | Pan      | Noticed Mnoleg
 80199 | Pan      | Killed Mnoleg
 80202 | Pan      | Gained mutation: Your magical capacity is very low (-20% MP). [a cacodemon]
 80275 | Pan      | Got a glowing rune of Zot
 80318 | Pan      | Gained mutation: Your body often deteriorates upon taking damage. [a neqoxec]
 80319 | Pan      | Gained mutation: You are frail (-10% HP). [a neqoxec]
 80324 | Pan      | Gained mutation: Your magical capacity is extremely low (-30% MP). [a neqoxec]
 80327 | Pan      | Gained mutation: You are very weak. (Str -4) [a neqoxec]
 80739 | Pan      | Noticed a seraph
 80763 | Pan      | Killed a seraph
 80862 | Pan      | Found a glowing golden altar of the Shining One.
 80878 | Pan      | Got a pair of smoking gloves
 80889 | Pan      | Identified the +2 pair of gloves of Fun {*Contam rPois rF+ rC+} (You found it in Pandemonium)
 80905 | Depths:3 | Escaped Pandemonium
 80949 | Pan      | Entered Pandemonium
 80949 | Pan      | Noticed Plog the pandemonium lord
 80961 | Pan      | Killed Plog the pandemonium lord
 81010 | Pan      | Reached skill level 15 in Charms
 81092 | Pan      | Found a runed door.
 81105 | Pan      | Found a runed door.
 81124 | Pan      | Found a runed door.
 81127 | Pan      | Noticed Fang the pandemonium lord
 81133 | Pan      | Paralysed by a giant eyeball for 4 turns
 81202 | Pan      | Gained mutation: Armour fits poorly on your strangely shaped body. [a shining eye]
 81204 | Pan      | Gained mutation: Your spells are a little easier to cast, but a little less powerful. [a shining eye]
 81381 | Pan      | Found an exit through the horrors of the Abyss.
 81442 | Pan      | Noticed Qeliraih the pandemonium lord
 81453 | Pan      | Killed Qeliraih the pandemonium lord
 81481 | Pan      | Found an exit through the horrors of the Abyss.
 81524 | Pan      | Noticed Xihaol the pandemonium lord
 81532 | Pan      | Killed Xihaol the pandemonium lord
 81727 | Pan      | Entered the realm of Lom Lobon.
 81911 | Pan      | Noticed Lom Lobon
 81937 | Pan      | Killed Lom Lobon
 81972 | Pan      | Got a magical rune of Zot
 82253 | Pan      | Reached skill level 1 in Spellcasting
 82284 | Pan      | Noticed Womo the pandemonium lord
 82287 | Pan      | Killed Womo the pandemonium lord
 82334 | Pan      | Entered the realm of Cerebov.
 82383 | Pan      | Found an exit through the horrors of the Abyss.
 82490 | Pan      | Reached skill level 5 in Spellcasting
 82501 | Pan      | Noticed Cerebov
 82520 | Pan      | Killed Cerebov
 82549 | Pan      | Identified a +2 pair of boots of running (You found it in Pandemonium)
 82585 | Pan      | Got a steaming plate armour
 82587 | Pan      | Identified the cursed +1 plate armour of Bitterness {rN+ rCorr Dex-5} (You found it in Pandemonium)
 82680 | Pan      | Got a fiery rune of Zot
 82957 | Pan      | Found an exit through the horrors of the Abyss.
 83029 | Pan      | Noticed Vaat the pandemonium lord
 83041 | Pan      | Killed Vaat the pandemonium lord
 83095 | Pan      | Lost mutation: You tend to lose your temper in combat. [potion of mutation]
 83096 | Pan      | Lost mutation: You have sharp fingernails. [potion of mutation]
 83096 | Pan      | Lost mutation: You evolve. [potion of mutation]
 83096 | Pan      | Lost mutation: You have sharp toenails. [potion of mutation]
 83183 | Pan      | Noticed Pozigid the pandemonium lord
 83197 | Pan      | Killed Pozigid the pandemonium lord
 83364 | Pan      | Noticed Valid the pandemonium lord
 83372 | Pan      | Killed Valid the pandemonium lord
 83454 | Pan      | Entered the realm of Gloorx Vloq.
 83724 | Pan      | Noticed Gloorx Vloq
 83734 | Pan      | Killed Gloorx Vloq
 83755 | Pan      | Got a dark rune of Zot
 83935 | Pan      | Found an exit through the horrors of the Abyss.
 83946 | Pan      | Took an exit into the Abyss.
 83946 | Abyss:1  | Escaped into the Abyss
 83959 | Abyss:1  | Killed Kirke
 83972 | Abyss:1  | Found a viscous altar of Jiyva.
 84254 | Abyss:2  | Found a shimmering altar of Xom.
 84256 | Abyss:2  | Found a shimmering altar of Xom.
 84256 | Abyss:2  | Found a shimmering altar of Xom.
 84265 | Abyss:2  | Found a shimmering altar of Xom.
 84270 | Abyss:2  | Found a shimmering altar of Xom.
 84270 | Abyss:2  | Found a corrupted altar of Lugonu.
 84270 | Abyss:2  | Found a shimmering altar of Xom.
 84270 | Abyss:2  | Found a shimmering altar of Xom.
 84270 | Abyss:2  | Found a shimmering altar of Xom.
 84276 | Abyss:2  | Found a shimmering altar of Xom.
 84276 | Abyss:2  | Found a shimmering altar of Xom.
 84277 | Abyss:2  | Found a shimmering altar of Xom.
 84277 | Abyss:2  | Found a shimmering altar of Xom.
 84278 | Abyss:2  | Found a shimmering altar of Xom.
 84295 | Abyss:2  | Found a shimmering altar of Xom.
 84315 | Abyss:2  | Found a shimmering altar of Xom.
 84331 | Abyss:2  | Found a shimmering altar of Xom.
 84339 | Abyss:2  | Found a shimmering altar of Xom.
 84470 | Abyss:2  | Gained mutation: Your natural rate of healing is unusually fast. [mutagenic meat]
 84478 | Abyss:2  | Lost mutation: Your system is resistant to poisons. [mutagenic meat]
 84950 | Abyss:3  | Paralysed by you for 7 turns
 84964 | Abyss:3  | Got an abyssal rune of Zot
 85014 | Abyss:3  | Gained mutation: You are clumsy. (Dex -2) [a neqoxec]
 85152 | Depths:3 | Escaped the Abyss
 85208 | Hell     | Entered the Vestibule of Hell
 85208 | Hell     | Noticed Geryon
 85216 | Hell     | Killed Geryon
 85273 | Hell     | Found a gateway to the freezing wastes of Cocytus.
 85356 | Hell     | Found a gateway to the decaying netherworld of Tartarus.
 85439 | Hell     | Found a gateway to the ashen valley of Gehenna.
 85538 | Hell     | Found a gateway to the Iron City of Dis.
 85682 | Tar:1    | Entered Level 1 of Tartarus
 87285 | Tar:7    | Entered Level 7 of Tartarus
 87519 | Tar:7    | Gained mutation: You are dopey. (Int -2) [a neqoxec]
 88237 | Tar:7    | Noticed Ereshkigal
 88265 | Tar:7    | Killed Ereshkigal
 88289 | Tar:7    | Got a bone rune of Zot
 88293 | Tar:7    | Got a twitching sapphire amulet
 88324 | Tar:7    | Identified the amulet of Irrepressible Laughter {Gourm rPois rN++ MR- Str+3} (You found it on level 7 of Tartarus)
 88503 | Dis:1    | Entered Level 1 of the Iron City of Dis
 89326 | Dis:5    | You fall through a shaft!
 89505 | Dis:7    | Entered Level 7 of the Iron City of Dis
 89653 | Dis:7    | Thrown by an iron giant

Vault maps used:
D:1:      nagdon_arrival_double_spiral
D:2:      kennysheep_goblin_castle, okawaru_metal_pillars_1_2
D:3:      lemuel_crystal_altar
D:4:      first_bread
D:5:      grunt_temple_overflow_lords_of_destruction, temple_doors_e
D:6:      gup_sewer_entry_pipe, serial_shops, shop
D:7:      lemuel_mausoleum_altar_yredelemnul, lemuel_doored_altar, serial_shops,
          nicolae_shop_crystal, uniq_pikel
D:8:      grunt_temple_overflow_opulence, grunt_temple_overflow_open,
          erik_lair_orcish_takeover, david_nohive_1, nicolae_wwwww
D:9:      kennysheep_decorative_pillar, nicolae_for_you_no_charge, uniq_grum
D:10:     serial_bayou_pond_a
D:11:     orc_0_dummy, grunt_ministairs_3, uniq_josephine
D:12:     uniq_maurice, uniq_psyche, uniq_kirke
D:13:     statuecave_lemuel
D:14:     david_vaults_5, nicolae_dithmenos_shadow_blocks
D:15:     hangedman_depths_entry_try_elsewhere_first, hangedman_decor_push
Temple:   minmay_temple_bridge_a_8
Lair:1:   special_room, uniq_gastronok
Lair:2:   portal_ice_cave_entry_pillars_02, special_room, ldierk_geyser
Lair:3:   serial_bayou_pond_b, grunt_megastairs_5, serial_bayou_shore_a,
          uniq_nergalle
Lair:5:   nicolae_swamp_entry_splash_gauntlet, serial_bayou,
          serial_bayou_pond_a, serial_bayou_shore_b, serial_bayou_lagoon_b,
          serial_bayou_shore_b, serial_bayou_shore_b, serial_bayou_pond_a,
          minmay_stone_trees_small, grunt_forest_large_clearings
Lair:6:   minmay_snake_entry_spellcaster
Lair:7:   nicolae_slime_entry_slimehenge
Lair:8:   hangedman_lair_caniforms_friends, hangedman_lair_tendril_chambers,
          infiniplex_staircase_pool_2
Swamp:1:  evilmike_swamp_ruin_rubble_1, infiniplex_staircase_pool
Swamp:2:  basic_altar, nicolae_swamp_very_dense_foliage
Swamp:3:  nicolae_swamp_feature_on_the_river_bank
Swamp:4:  swamp_fiery
Snake:1:  onia_ninara_swampy_vault
Snake:2:  cheibrodos_snake_lava_hold, statue_in_the_mist_lemuel,
          grunt_ministairs_12, uniq_vashnia
Snake:3:  serial_bayou_shore_b
Snake:4:  snake_hunt, basic_altar, grunt_megastairs_2
Orc:1:    bh_open_orc_temple
Orc:2:    st_orc_town, uniq_nessos
Elf:1:    eino_elf_arrival_sip, evilmike_minifort, st_stairs_6
Elf:2:    serial_shops, shop, special_room, lemuel_elevator, uniq_wiglaf
Elf:3:    minmay_elf_hall_four_x, basic_stair_grate_trap, uniq_louise
Vaults:1: nicolae_vaults_little_ls, v_misc_4, vaults_dpeg_diagonal, v_misc_3,
          v_alt_pattern_2, v_alt_pattern_4, nicolae_vaults_circle_grid_a,
          nicolae_vaults_three_branches, ontoclasm_vaults_bender, v_misc_25,
          grunt_vaults_funnel, dpeg_vaults_monster_box
Vaults:2: vaults_dpeg_cross, nicolae_vaults_asterisk, ontoclasm_vaults_hangar,
          minmay_crypt_entry_simple_round, ontoclasm_vaults_gateway,
          serial_shops, shop
Vaults:3: v_misc_18, v_rooms_3, v_misc_25, nicolae_vaults_puzzle_piece,
          v_misc_9, nicolae_vaults_rhombus_5, nicolae_vaults_little_squares_4,
          vaults_room_semicircle, vaults_dpeg_hooks, serial_shops, shop
Vaults:4: v_misc_25, v_misc_11, grunt_vaults_twisty, v_misc_5,
          hangedman_vaults_slice, nicolae_vaults_quadrants, v_alt_pattern_2,
          nicolae_vaults_little_squares_3, v_misc_33, vaults_room_hallway,
          ontoclasm_vaults_misaligned, hangedman_vaults_stretched_pinwheel,
          vaults_room_stairs_pillars
Vaults:5: serial_shops
Crypt:1:  hangedman_weighted_door, corner_web_ring
Crypt:3:  grunt_crypt_end_deaths_head, uniq_sojobo, uniq_margery
Depths:1: enter_ziggurat_b, interstate_on_off, hell_entry, abyss_entry,
          nrook_mini_backslash, minivault_1, tso_altar, grunt_megastairs_1
Depths:2: kennysheep_funnel, kennysheep_another_room, hell_entry, pan_entry,
          serial_shops, bzr_entry_islet, hallowed_hall, serial_bayou_shore_b,
          infiniplex_staircase_zigzag_1
Depths:3: minmay_skeleton_keep, pf_vacation_house_of_asmodeus, minivault_14,
          rand_demon_pan_entry_4, kennysheep_small_square
Depths:4: grunt_bent_corner, pan_entry, pf_hell_entry_tar_river,
          hangedman_abyss_entry_splay, minmay_staircase_bubble
Depths:5: grunt_zot_entry_pinwheel, grunt_metal_band, pan_entry,
          grunt_decor_cap, minmay_evil_grid, grunt_megastairs_3,
          serial_bayou_shore_b
Dis:2:    hangedman_player_shredder
Dis:3:    hangedman_dis_decor_tower
Dis:7:    dis_hangedman
Tar:1:    lemuel_nasty_fountain
Tar:2:    lemuel_elevator
Tar:3:    nicolae_tar_cuneiform_water
Tar:7:    tar_minmay_river
Abyss:2:  serial_sigils_hangedman_snap, minivault_5
Abyss:3:  hangedman_abyss_or_decor_lesser_grid,
          hangedman_abyss_or_decor_stagger, lemuel_flamethrower_3,
          nicolae_abyss_rune_more_like_crabyss
Pan:      evilmike_mini_pan_diamond, rand_demon_9, evilmike_mini_pan_diamond,
          evilmike_mini_pan_corner, uniq_mennas_pan,
          nicolae_pan_gloorx_vloqian_3, pan_surprise, evilmike_mini_pan_thingy,
          evilmike_mini_pan_thingy, evilmike_mini_pan_corridor,
          evilmike_mini_pan_doors_b, nicolae_pan_gloorx_vloqian_1, rand_demon_9,
          rand_demon_9, pan_blood_fountain, rand_demon_4, evilmike_mini_pan_3x3,
          pan_blood_fountain, lemuel_hellion_island, rand_demon_3,
          evilmike_mini_pan_corner, grunt_pan_sceptre, pan_blood_fountain_small,
          rand_demon_8, pan_blood_fountain_small, evilmike_mini_pan_pillars_b,
          evilmike_mini_pan_layers, reaverb_pan_figure_eight, mnoleg_st,
          evilmike_holy_pan, grunt_pan_zigzag, evilmike_mini_pan_thingy,
          evilmike_mini_pan_possible_glass, pan_blood_fountain_small,
          rand_demon_7, pan_blood_fountain, grunt_pan_in_and_out,
          nicolae_pan_door_chamber, nicolae_pan_giant_door, lom_lobon_st,
          evilmike_mini_pan_corner, cerebov_grunt, evilmike_mini_pan_branches,
          evilmike_mini_pan_pillars_b, rand_demon_2, pan_blood_fountain_small,
          evilmike_gloorx_vloq_box, pan_blood_fountain_small,
          nicolae_pan_diamonds
Sewer:    sewer_co_purgy_island
IceCv:    ice_cave_small_giant

Skill      XL: |  1  2  3  4  5  6  7  8  9 10 11 12 13 14 15 16 17 18 19 20 21 22 23 24 25 26 27 |
---------------+----------------------------------------------------------------------------------+-----
Armour         | 4 5 6 10 11 12 14 15 18 19 22 24 26 27 | 27.0
Shields        | 4 |  4.0
Fighting       | 4 5 6 9 11 14 15 18 21 22 23 27 | 27.0
Long Blades    | 4 5 7 8 10 12 14 16 17 18 23 24 27 | 27.0
Dodging        | 6 10 11 13 15 16 20 23 24 27 | 27.0
Invocations    | 5 7 8 14 25 | 25.2
Evocations     | 4 |  4.0
Charms         | 6 18 | 18.4
Spellcasting   | 7 |  7.6

Action                   |  1- 3 |  4- 6 |  7- 9 | 10-12 | 13-15 | 16-18 | 19-21 | 22-24 | 25-27 || total
-------------------------+-------+-------+-------+-------+-------+-------+-------+-------+-------++-------
Melee: Long sword        |   110 |   171 |       |       |       |    13 |       |       |       ||   294
       Falchion          |       |    23 |   493 |   186 |       |       |       |       |       ||   702
       Great sword       |       |       |       |   447 |       |    14 |   656 |       |       ||  1117
       Triple sword      |       |       |       |   154 |  1073 |  1307 |  1148 |  1373 |  4888 ||  9943
 Cast: Haste             |       |       |       |       |       |       |       |       |    12 ||    12
Invok: Heroism           |       |       |       |     3 |     8 |     1 |       |     2 |       ||    14
       Finesse           |       |       |       |     1 |     9 |     9 |     9 |     7 |     2 ||    37
       Divine Shield     |       |       |       |       |       |       |       |       |    41 ||    41
       Summon Divine War |       |       |       |       |       |       |       |       |    39 ||    39
       Cleansing Flame   |       |       |       |       |       |       |       |       |     4 ||     4
       Brand Weapon With |       |       |       |       |       |       |       |       |     1 ||     1
Evoke: Wand              |       |       |       |       |     7 |       |       |       |     3 ||    10
  Use: Scroll            |       |     8 |     6 |     5 |    17 |     8 |     9 |    18 |    39 ||   110
       Potion            |       |       |     1 |     1 |       |     1 |       |     2 |    16 ||    21
 Stab: Distracted        |       |       |       |       |     1 |     2 |     2 |       |       ||     5
       Sleeping          |       |       |       |       |       |     5 |     5 |     1 |       ||    11
       Petrifying        |       |       |       |       |       |       |       |       |     1 ||     1
       Paralysed         |       |       |       |       |       |       |       |       |     1 ||     1
  Eat: Chunk             |     1 |     8 |    18 |    37 |    44 |    51 |    26 |    21 |    48 ||   254
       Meat ration       |       |       |     1 |     1 |     2 |     3 |     3 |     1 |    21 ||    32
       Beef jerky        |       |       |       |       |       |     1 |       |       |       ||     1
       Fruit             |       |       |       |       |       |       |       |       |     1 ||     1
